 Dungeon Crawl Stone Soup version 0.28.0-43-g3370ac3207 (webtiles) character file.

Game seed: 17418140847991227812

576 issech the Cudgeller (level 7, -5/68 HPs)
             Began as a Troll Monk on Mar 14, 2022.
             Slain by a two-headed ogre
             ... wielding a +0 giant club
              (30 damage)
             ... on level 5 of the Dungeon.
             The game lasted 00:12:53 (3507 turns).

issech the Cudgeller (Troll Monk)                   Turns: 3507, Time: 00:12:53

Health: -5/68      AC:  6    Str: 20    XL:     7   Next: 13%
Magic:  6/6        EV: 11    Int:  6    God:
Gold:   253        SH:  0    Dex: 14    Spells: 6/6 levels left

rFire   . . .      SeeInvis .   j - +0 flail
rCold   . . .      Faith    .   (no shield)
rNeg    . . .      Spirit   .   b - +0 robe
rPois   .          Reflect  .   (helmet restricted)
rElec   .          Harm     .   g - +1 cloak {rCorr}
rCorr   +          Rampage  .   (gloves unavailable)
Will    .....                   (boots unavailable)
Stlth   ++........              m - amulet of regeneration
HPRegen 1.81/turn               (no ring)
MPRegen 0.10/turn               (no ring)

@: no status effects
A: large, unfitting armour, claws 3, regeneration 1, shaggy fur 1, tough skin 1
a: no special abilities


You were on level 5 of the Dungeon.
You visited 2 branches of the dungeon, and saw 6 of its levels.

You collected 253 gold pieces.

Inventory:

Hand Weapons
 a - a +0 mace
 j - a +0 flail (weapon)
 v - a +0 falchion of protection
 x - a +0 shortbow
 z - a +2 vorpal hand axe
Missiles
 c - 4 javelins
 d - 136 stones
 e - a throwing net
 h - 85 arrows
 l - 6 curare-tipped darts
 p - 4 poisoned darts
 r - 28 sling bullets
 t - 3 large rocks (quivered)
Armour
 b - a +0 robe (worn)
 f - a scarf of harm
 g - a +1 cloak of preservation (worn)
Jewellery
 m - an amulet of regeneration (around neck)
Scrolls
 k - a scroll of fog
 n - a scroll of teleportation
 q - a scroll of silence
 s - 2 scrolls of amnesia
 w - a scroll of enchant armour
 y - 2 scrolls of identify
Potions
 i - 2 potions of heal wounds {unknown}
 o - 2 potions of haste {unknown}
 u - a potion of might {unknown}
 A - 2 potions of lignification {unknown}


   Skills:
 + Level 3.8 Fighting
 + Level 5.3 Maces & Flails
 + Level 0.5 Throwing
 + Level 3.8 Dodging
 + Level 1.7 Stealth


You had 6 spell levels left.
You didn't know any spells.
Your spell library contained the following spells:

 Spells                   Type           Power      Damage    Failure   Level
 Iskenderun's Battlesphe  Conj           0%         2d6       100%        5
 Iron Shot                Conj/Erth      0%         9d1       100%        6
 Spellforged Servitor     Conj/Summ      0%         N/A       100%        7


Dungeon Overview and Level Annotations

Branches:
Dungeon (5/15)             Temple (1/1) D:4

Altars:
Ashenzari
Cheibriados
Dithmenos
Fedhas
Gozag
Kikubaaqudgha
Makhleb
Qazlal
Ru
Sif Muna
Vehumet
Wu Jian
Yredelemnul
Zin
The Shining One


Innate Abilities, Weirdness & Mutations

You are too large for most types of armour.
You have claws for hands.
Your natural rate of healing is unusually fast.
You are covered in fur. (AC +1)
You have tough skin. (AC +1)


Message History

The hound misses you. The orc hits you with a +0 dagger. The hound bites you.
You sock the hound!
The hound is severely wounded.
The hound bites you. The hound closely misses you.
You completely miss the hound. Your claw misses the hound.
The hound is severely wounded.
The hound bites you but does no damage. The hound closely misses you.
You completely miss the hound.
The hound is severely wounded.
The hound closely misses you.
You closely miss the hound.
The hound is severely wounded.
The hound closely misses you. The hound bites you but does no damage.
You closely miss the hound.
The hound is severely wounded.
The hound bites you but does no damage.
You hit the two-headed ogre.
The two-headed ogre is lightly wounded.
You sock the two-headed ogre!
The two-headed ogre is moderately wounded.
The two-headed ogre hits you with a +0 giant club!
The two-headed ogre barely misses you.
You hit the two-headed ogre.
The two-headed ogre is moderately wounded.
The two-headed ogre hits you with a +0 giant club!!
The two-headed ogre hits you with a +0 giant club!
* * * LOW HITPOINT WARNING * * *
You hit the two-headed ogre.
The two-headed ogre is moderately wounded.
The two-headed ogre barely misses you.
The two-headed ogre hits you with a +0 giant club!!
* * * LOW HITPOINT WARNING * * *
Throw: 4 large rocks
Press: ? - help, Q - select action, (/) - cycle Shift-Dir - straight line, f - two-headed ogre
Aim: a two-headed ogre, wielding two +0 giant clubs (moderately wounded, 74% to hit)
You throw a large rock.
The large rock barely misses the two-headed ogre.
The two-headed ogre hits you with a +0 giant club!!
You die...

. . ##########... #
#..........# #
#.#....##.##.#
#.#..........
#.#....##.###
#.#.........#
#[#.....#.#.#
#(..hO@...#
###D#.#.#.##########
#.#.#.#..........#
#h#.#.#####..###.#
#D#.#..........#
#s#.########...#
#.#.. #.###
####o##### ####.#
#......h.#
#....###.#.


You could see a two-headed ogre, an acid dragon and a hound.

Vanquished Creatures
  A water moccasin (D:5)
  A centaur (D:5)
  A water moccasin zombie (D:5)
  A howler monkey (D:5)
  A hound (D:5)
  2 orc wizards
  8 adders
  3 gnolls (D:2)
  2 shadow imps (D:5)
  A worm (D:4)
  4 dart slugs
  10 orcs
  A bat (D:2)
  8 endoplasms
  4 giant cockroaches
  4 goblins
  9 hobgoblins
  3 jackals
  2 quokkas (D:3)
  4 ball pythons
  A frilled lizard (D:2)
  5 kobolds
  5 rats
81 creatures vanquished.

Notes
Turn   | Place    | Note
-------+----------+-------------------------------------------
     0 | D:1      | issech the Troll Monk began the quest for the Orb.
     0 | D:1      | Reached XP level 1. HP: 22/22 MP: 0/0
   138 | D:1      | Reached XP level 2. HP: 27/29 MP: 1/1
   652 | D:1      | Reached skill level 3 in Maces & Flails
   697 | D:2      | Reached XP level 3. HP: 24/36 MP: 2/2
   866 | D:2      | Reached XP level 4. HP: 45/45 MP: 3/3
  1343 | D:2      | Identified a scroll of acquirement
  1346 | D:2      | Acquired a +1 cloak of preservation
  1465 | D:3      | Found a shadowy altar of Dithmenos.
  1533 | D:3      | Reached XP level 5. HP: 53/53 MP: 4/4
  2180 | D:4      | Reached skill level 4 in Maces & Flails
  2341 | D:4      | Found a basalt altar of Yredelemnul.
  2558 | D:4      | Found a staircase to the Ecumenical Temple.
  2574 | Temple   | Entered the Ecumenical Temple
  2978 | D:5      | Entered Level 5 of the Dungeon
  3074 | D:5      | Noticed a water moccasin
  3079 | D:5      | Killed a water moccasin
  3080 | D:5      | Reached XP level 6. HP: 61/61 MP: 5/5
  3136 | D:5      | Found an opulent altar of Gozag.
  3229 | D:5      | Reached skill level 5 in Maces & Flails
  3315 | D:5      | Found an ornate altar of the Wu Jian Council.
  3337 | D:5      | Reached XP level 7. HP: 68/68 MP: 6/6
  3477 | D:5      | Noticed a two-headed ogre
  3507 | D:5      | Slain by a two-headed ogre

Illustrated notes

Levels and vault maps discovered:
D:1:      erik_arrival_blinker_ship, layout_basic,
          nicolae_concentric_dashed_squares_mild, hangedman_glass_teeth
D:2:      layout_rooms
D:3:      layout_loops_ring, grunt_dithmenos_smoke, minmay_misc_feat_cross
D:4:      layout_loops_cross, mainiacjoe_overflow_boulevard,
          minmay_temple_entry_junction
D:5:      layout_basic, nicolae_overflow_hidden_temple,
          mainiacjoe_overflow_concentric_impassable, minmay_manual_mail,
          uniq_duvessa
Temple:   jpeg_temple_clearing

Skill      XL: |  1  2  3  4  5  6 |
---------------+-------------------+-----
Maces & Flails | 3 4 5 |  5.3
Dodging        | 3 |  3.8
Fighting       | 3 |  3.8
Throwing       | |  0.5
Stealth        | |  1.7

Action                   |  1- 3 |  4- 6 |  7- 9 || total
-------------------------+-------+-------+-------++-------
Melee: Mace              |    45 |       |       ||    45
       Punch             |     1 |     2 |       ||     3
       Flail             |    30 |   203 |    16 ||   249
Throw: Large rock        |       |     6 |     1 ||     7
  Use: Scroll            |       |     7 |       ||     7
 Stab: Sleeping          |     1 |     6 |       ||     7
Armor: Robe              |    33 |    84 |     6 ||   123
Dodge: Dodged            |    44 |   123 |    13 ||   180
